 Dungeon Crawl Stone Soup version 0.30-a0-341-g682706514a (webtiles) character file.

Game seed: 18274919212955907570

317 NinjaNoafa the Cutter (level 6, -3/47 HPs)
             Began as a Merfolk Gladiator on Nov 3, 2022.
             Splashed by a jelly's acid (8 damage)
             ... on level 4 of the Dungeon.
             The game lasted 00:03:53 (2689 turns).

NinjaNoafa the Cutter (Merfolk Gladiator)           Turns: 2689, Time: 00:03:54

Health: -3/47      AC: -1    Str: 14    XL:     6   Next: 44%
Magic:  6/6        EV: 14    Int:  7    God:
Gold:   198        SH:  0    Dex: 18    Spells: 5/5 levels left

rFire   + . .      SeeInvis +    f - +2 dagger (venom)
rCold   . . .      Faith    .    (no shield)
rNeg    . . .      Spirit   .    g - +2 leather armour {rF+}
rPois   .          Reflect  .    c - +0 helmet
rElec   .          Harm     .    (no cloak)
rCorr   .          Rampage  .    (no gloves)
Will    .....                    n - +0 pair of boots
Stlth   +.........               (no amulet)
HPRegen 0.27/turn                e - ring of see invisible
MPRegen 0.10/turn                (no ring)

@: corroded
A: (nimble swimmer 2), mertail
a: no special abilities


You were on level 4 of the Dungeon.
You visited 1 branch of the dungeon, and saw 4 of its levels.

You collected 198 gold pieces.

Inventory:

Hand Weapons
 f - a +2 dagger of venom (weapon)
Missiles
 d - 3 throwing nets
 i - 42 stones
 r - a javelin (quivered)
 t - a boomerang
Armour
 c - a +0 helmet (worn)
 g - a +2 leather armour of fire resistance (worn)
 n - a +0 pair of boots (worn)
Jewellery
 e - a ring of see invisible (left hand)
Wands
 b - a wand of digging (3)
 u - a wand of mindburst (14)
Scrolls
 h - 5 scrolls of teleportation {unknown}
 j - 3 scrolls of identify {unknown}
 m - 2 scrolls of magic mapping {unknown}
 o - a scroll of immolation {unknown}
 p - a scroll of enchant weapon {unknown}
 q - 2 scrolls of poison {unknown}
 w - a scroll of fear {unknown}
Potions
 k - 2 potions of flight {unknown}
 l - a potion of brilliance {unknown}
 s - a potion of haste {unknown}
 v - a potion of heal wounds {unknown}
 x - a potion of ambrosia {unknown}
 z - a potion of mutation {unknown}


   Skills:
 - Level 3.0 Fighting
 - Level 7.0 Short Blades
 - Level 3.0 Throwing
 + Level 5.2 Dodging


You had 5 spell levels left.
You didn't know any spells.
Your spell library contained the following spells:

 Spells                   Type           Power      Damage    Failure   Level
 Apportation              Tloc           0%         N/A       52%         1
 Necrotise                Necr           0%         1d4       52%         1
 Shock                    Conj/Air       0%         1d3       52%         1
 Summon Small Mammal      Summ           0%         N/A       52%         1
 Blink                    Tloc           0%         N/A       65%         2
 Momentum Strike          Conj/Tloc      0%         3d8       65%         2
 Lesser Beckoning         Tloc           0%         N/A       87%         3
 Swiftness                Air            0%         N/A       87%         3
 Airstrike                Air            0%         2d(0-16)  99%         4
 Alistair's Intoxication  Tmut/Pois      0%         N/A       100%        5
 Borgnjor's Vile Clutch   Necr/Erth      0%         N/A       100%        5
 Eringya's Noxious Bog    Tmut/Pois      0%         N/A       100%        6


Dungeon Overview and Level Annotations

Branches:
Dungeon (4/15)
 Temple: D:4-7

Altars:
Dithmenos
Gozag

Shops:
D:1 :


Innate Abilities, Weirdness & Mutations

((You are very nimble when in or above water. (Stealth+, EV+, Speed+++)))
Your lower body shifts to a powerful aquatic tail in water.


Message History

The hobgoblin barely misses you.
The jelly quivers.
You hit the hobgoblin.
The hobgoblin is poisoned.
The hobgoblin is almost dead.
The orc hits you from afar with a +0 trident.
The hobgoblin misses you.
You hit the hobgoblin but do no damage.
The hobgoblin is almost dead.
You hit the hobgoblin.
You kill the hobgoblin!
The ball python bites you but does no damage.
The ball python completely misses you. The orc barely misses you.
You hit the ball python.
You kill the ball python!
The orc barely misses you. The orc hits you with a +0 trident.
You see here a ball python corpse.
You hit the orc.
The orc is poisoned.
The orc is severely wounded.
You hit the orc.
You kill the orc!
You hit the jelly. The acid corrodes you!
Your hands burn!
The jelly is moderately wounded.
The jelly hits you but does no damage.
You hit the jelly.
Your hands burn!
The jelly is moderately wounded.
You hit the jelly.
The jelly is poisoned.
Your hands burn!
The jelly is heavily wounded.
The jelly hits you.
You are splashed with acid!
You hit the jelly but do no damage.
Your hands burn!
* * * LOW HITPOINT WARNING * * *
The jelly is heavily wounded.
You hit the jelly but do no damage.
The jelly looks as sick as possible!
The acid corrodes you!
Your hands burn!
* * * LOW HITPOINT WARNING * * *
The jelly is heavily wounded.
The jelly hits you.
* * * LOW HITPOINT WARNING * * *
You are splashed with acid!
You die...

.. .. ## #.#
##.# #. # ###..
... #. #. #....
.. #.##.#.## .#
#....#...#.# #
#....##..#.#.#.
#......@J......
#.....(..#.....
#..#†..### .#.
#..#..##
#..#..######
######
#..#........
###...>.
#...........
#.......
#.###.######
#.#.###. #.#
.##### #.#.###.


You could see a jelly (extremely poisoned).

Vanquished Creatures
  A hound (D:4)
  An orc priest (D:4)
  Terence (D:2)
  An iguana (D:4)
  2 hound skeletons (D:3)
  5 adders
  7 gnolls
  A worm (D:3)
  4 orcs
  5 endoplasms
  2 giant cockroaches
  6 goblins
  3 hobgoblins
  3 jackals (D:1)
  A quokka (D:2)
  8 ball pythons
  9 bats
  2 frilled lizards
  8 kobolds
  A quokka skeleton (D:3)
  7 rats
78 creatures vanquished.

Vanquished Creatures (others)
  3 withered plants (D:3)
3 creatures vanquished.

Grand Total: 81 creatures vanquished

Notes
Turn   | Place    | Note
-------+----------+-------------------------------------------
     0 | D:1      | NinjaNoafa the Merfolk Gladiator began the quest for the
                  | Orb.
     0 | D:1      | Reached XP level 1. HP: 16/16 MP: 1/1
    58 | D:1      | Reached skill level 4 in Short Blades
    82 | D:1      | Reached XP level 2. HP: 22/22 MP: 2/2
   241 | D:1      | Found Loymiamn's Book Shoppe.
   402 | D:1      | Reached XP level 3. HP: 26/27 MP: 3/3
   403 | D:1      | Reached skill level 5 in Short Blades
   796 | D:2      | Reached skill level 5 in Dodging
   818 | D:2      | Reached XP level 4. HP: 20/34 MP: 4/4
   968 | D:2      | Noticed Terence
   978 | D:2      | Killed Terence
  1223 | D:2      | Reached XP level 5. HP: 41/41 MP: 5/5
  2004 | D:3      | Found a shadowy altar of Dithmenos.
  2143 | D:4      | Reached skill level 6 in Short Blades
  2150 | D:4      | Reached XP level 6. HP: 9/47 MP: 6/6
  2430 | D:4      | Found an opulent altar of Gozag.
  2461 | D:4      | Reached skill level 7 in Short Blades
  2689 | D:4      | Splashed by a jelly's acid

Illustrated notes

Levels and vault maps discovered:
D:1:      dpeg_arrival_rooms_with_view, layout_rooms, serial_shops,
          nicolae_shop_hallway_plus, minmay_close_crescents
D:2:      layout_loops_cross, uniq_terence
D:3:      layout_basic, grunt_dithmenos_smoke, serial_undead, serial_undead_c,
          serial_undead_e, serial_undead_c, serial_undead_c
D:4:      layout_loops_ring, mainiacjoe_overflow_alcove_2,
          nicolae_gozag_seed_capital

Skill      XL: |  1  2  3  4  5  6 |
---------------+-------------------+-----
Short Blades   | 4 5 6 7 |  7.0
Dodging        | 5 |  5.2
Fighting       | 3 |  3.0
Throwing       | 3 |  3.0

Action                   |  1- 3 |  4- 6 || total
-------------------------+-------+-------++-------
Melee: Dagger            |    83 |   143 ||   226
       Rapier            |     3 |       ||     3
       Punch             |     1 |       ||     1
Throw: Javelin           |     4 |     8 ||    12
  Use: Potion            |       |     2 ||     2
 Stab: Distracted        |       |     1 ||     1
Armor: Leather armour    |    20 |    18 ||    38
Dodge: Dodged            |    66 |    82 ||   148

Table legend: (Time is in decaauts)
 A = Elapsed time spent in this place.
 B = Non-inter-level travel time spent in this place.
 C = Inter-level travel time spent in this place.
 D = Time resting spent in this place.
 E = Time spent auto-exploring this place.
 F = Levels seen in this place.
 G = Mean time per level.
                   A        B        C        D        E       F      G
               +--------+--------+--------+--------+--------+-----+--------+
         Total |   2626 |   2542 |     84 |      0 |   1999 |   4 |  656.5 |
       Dungeon |   2626 |   2542 |     84 |      0 |   1999 |   4 |  656.5 |
               +--------+--------+--------+--------+--------+-----+--------+

Top non-repeatable levels by time:
     D:3: 738 daAuts
     D:2: 706 daAuts
     D:1: 614 daAuts
     D:4: 567 daAuts
